 Dungeon Crawl Stone Soup version 0.27.1-33-g824d729ab1 (webtiles) character file.

Game seed: 1699847226670396089

745 pkoi the Martial Artist (level 7, -6/57 HPs)
             Began as a Black Draconian Monk on Dec 29, 2021.
             Was an Initiate of Gozag.
             Blown up by Pikel (28 damage)
             ... with a mindburst bolt
             ... on level 5 of the Dungeon.
             The game lasted 00:06:15 (6141 turns).

pkoi the Martial Artist (Black Draconian Monk)      Turns: 6141, Time: 00:06:16

Health: -6/57      AC:  7    Str: 19    XL:     7   Next: 47%
Magic:  7/7        EV: 12    Int: 12    God:    Gozag
Gold:   439        SH:  0    Dex: 14    Spells: 6/6 levels left

rFire    . . .     SeeInvis .     - Unarmed
rCold    . . .     Faith    .   (no shield)
rNeg     . . .     Spirit   .   (armour unavailable)
rPois    .         Reflect  .   (helmet restricted)
rElec    +         Harm     .   (no cloak)
rCorr    .         Rampage  .   (no gloves)
Will     .....                  a - +0 pair of boots
Stlth    ++........             (no amulet)
HPRegen  0.19/turn              m - +6 ring of strength
MPRegen  0.10/turn              (no ring)

@: short of breath
A: breathe lightning, AC +6, unfitting armour, electricity resistance,
cold-blooded
a: Breathe Lightning, Renounce Religion, Potion Petition, Call Merchant, Bribe
Branch


You were on level 5 of the Dungeon.
You worshipped Gozag.
Gozag was aware of your devotion.
You visited 2 branches of the dungeon, and saw 7 of its levels.

You collected 439 gold pieces.

Inventory:

Missiles
 e - 23 poisoned darts (quivered)
Armour
 a - a +0 pair of boots (worn)
Jewellery
 c - a ring of ice
 m - a +6 ring of strength (left hand)
Wands
 h - a wand of charming (9)
 k - a wand of iceblast (5)
Scrolls
 b - 3 scrolls of identify
 f - 2 scrolls of teleportation
Potions
 d - a potion of invisibility {unknown}
 g - 2 potions of mutation
 i - a potion of lignification
 j - a potion of curing


   Skills:
 - Level 3.2 Fighting
 - Level 2.6 Dodging
 - Level 1.7 Stealth
 + Level 8.9 Unarmed Combat


You had 6 spell levels left.
You didn't know any spells.
Your spell library contained the following spells:

 Spells                   Type           Power      Damage    Failure   Level
 Beastly Appendage        Tmut           0%         N/A       32%         1
 Wereblood                Tmut           0%         N/A       45%         2
 Gell's Gravitas          Tloc           0%         N/A       69%         3
 Spider Form              Tmut/Pois      0%         N/A       69%         3
 Teleport Other           Tloc           0%         N/A       69%         3
 Dispersal                Tloc           0%         N/A       100%        6


Dungeon Overview and Level Annotations

Branches:
Dungeon (6/15)             Temple (1/1) D:4

Altars:
Dithmenos
Elyvilon
Gozag
Hepliaklqana
Kikubaaqudgha
Makhleb
Nemelex Xobeh
Okawaru
Qazlal
Ru
Sif Muna
Trog
Vehumet
Wu Jian
Yredelemnul
Zin
The Shining One

Shops:
D:4 [

Annotations:
D:4 2 transporters, LynnLen's ghost, novice FoFi
D:5 Pikel


Innate Abilities, Weirdness & Mutations

You can breathe wild blasts of lightning.
Your glossy black scales are hard. (AC +6)
You cannot fit into any form of body armour.
You are resistant to electric shocks. (rElec)
You are cold-blooded and may be slowed by cold attacks.


Message History

You barely miss the orc. The orc barely misses you.
You hit the orc.
The orc is severely wounded.
The orc hits you with a +0 hand axe.
You hit the orc.
You kill the orc!
You now have 439 gold pieces (gained 6).
Things that are here:
a +0 hand axe; a +0 leather armour
There is a stone staircase leading down here.
You start resting.
HP restored.
You climb downwards.
Level annotation: Pikel A lemure comes into view.
There is a stone staircase leading up here.
You breathe a wild blast of lightning!
You hear a mighty clap of thunder!
The bolt of lightning misses you.
The bolt of lightning hits the lemure.
The lemure is lightly wounded.
You hear a mighty clap of thunder!
The zap hits Pikel.
Pikel is lightly wounded.
The zap hits the lemure.
The lemure is lightly wounded.
The lemure shouts!
You hear a shout!
You hear an angry hiss.
You hear a shout!
You hear a bark!
You hear a shout! x3
Unknown command.
Unknown command.
Unknown command.
The lemure hits you. Pikel barely misses you.
You climb upwards.
There is a stone staircase leading down here.
Unknown command.
Unknown command.
Pikel zaps a wand.
Your mind is blasted!
Ouch! That really hurt!
* * * LOW HITPOINT WARNING * * *
Pikel zaps a wand.
Your mind is blasted!
You die...

#...## ##### #####....###
##...## .#.........# #.....#
.)........## ####...###
####......####.#......### #
##........#..#...#....## #
#..#............###....#
###..###.#####....##....####
##....#..#####..@.5#..##...#
..##......##...#.K......<..#####
.....##....#.#####.>[..........#
...######.....# ####.....##....#
.....#####...## #...........#..#
.....##.###..# #...........####
......#......# #############
.............# ##_###8## ###
.............##8...8$..8###.##


You could see Pikel and a lemure.

Vanquished Creatures
  Edmund (D:5)
  An ogre (D:5)
  A necrophage (D:4)
  A scorpion (D:4)
  A water moccasin zombie (D:5)
  2 centaur zombies (D:5)
  A centaur skeleton (D:5)
  3 iguanas
  2 hound skeletons (D:4)
  Robin (D:2)
  3 adders
  An ufetubus (D:5)
  3 worms
  3 dart slugs
  7 orcs
  A bat (D:1)
  3 endoplasms (D:1)
  A giant cockroach (D:4)
  11 goblins
  12 hobgoblins
  3 jackals (D:4)
  7 kobolds
  6 quokkas
  8 ball pythons
  3 frilled lizards
  5 rats
91 creatures vanquished.

Vanquished Creatures (others)
  6 plants (D:4)
6 creatures vanquished.

Grand Total: 97 creatures vanquished

Notes
Turn   | Place    | Note
-------+----------+-------------------------------------------
     0 | D:1      | pkoi the Draconian Monk began the quest for the Orb.
     0 | D:1      | Reached XP level 1. HP: 19/19 MP: 1/1
   160 | D:1      | Found a faded altar of an unknown god.
   304 | D:1      | Reached XP level 2. HP: 20/26 MP: 2/2
   707 | D:1      | Reached skill level 4 in Unarmed Combat
  1099 | D:1      | Reached XP level 3. HP: 31/31 MP: 3/3
  1690 | D:2      | Noticed Robin
  1704 | D:2      | HP: 1/31 [goblin[Robin] (5)]
  2073 | D:2      | Killed Robin
  2074 | D:2      | Reached skill level 5 in Unarmed Combat
  2074 | D:2      | Reached XP level 4. HP: 16/38 MP: 4/4
  2857 | D:3      | Found an opulent altar of Gozag.
  2869 | D:3      | Became a worshipper of Gozag Ym Sagoz the Greedy
  3635 | D:4      | Found Noalix's Armour Shoppe.
  3684 | D:4      | Found a staircase to the Ecumenical Temple.
  3685 | D:4      | Noticed a scorpion
  3693 | D:4      | Reached XP level 5. HP: 45/45 MP: 5/5
  3701 | D:4      | Reached skill level 6 in Unarmed Combat
  3854 | Temple   | Entered the Ecumenical Temple
  4000 | D:4      | Noticed LynnLen's ghost (novice FoFi)
  4535 | D:4      | Found a transporter.
  4569 | D:4      | Reached XP level 6. HP: 14/51 MP: 6/6
  4826 | D:4      | Reached skill level 7 in Unarmed Combat
  4982 | D:4      | Found a transporter.
  5129 | D:5      | Entered Level 5 of the Dungeon
  5305 | D:5      | Noticed Edmund
  5468 | D:5      | Reached skill level 8 in Unarmed Combat
  5468 | D:5      | Your scales start taking on a glossy black colour.
  5468 | D:5      | Reached XP level 7. HP: 56/57 MP: 7/7
  5468 | D:5      | Gained mutation: You are resistant to electric shocks.
                  | (rElec) [Black Draconian growth]
  5486 | D:5      | Found a burning altar of Makhleb.
  5577 | D:5      | Found a glowing silver altar of Zin.
  5695 | D:5      | Found a sacrificial altar of Ru.
  5735 | D:5      | Found an iron altar of Okawaru.
  5867 | D:5      | Killed Edmund
  6084 | D:6      | Noticed Pikel
  6141 | D:5      | Blown up by Pikel

Illustrated notes

Levels and vault maps discovered:
D:1:      arrival_zaba_pyramid, layout_basic, hellmonk_ecumenical_altar_run_dry,
          minmay_strange_pillars
D:2:      layout_loops_cross, kennysheep_generic_room_4, uniq_robin
D:3:      layout_rooms, nicolae_gozag_seed_capital
D:4:      layout_basic, minmay_temple_entry_grid, serial_shops,
          nicolae_stop_n_shop_1, gammafunk_ghost_gnarly_gnolls, uniq_eustachio
D:5:      layout_cave_pools, mainiacjoe_overflow_concentric_impassable,
          nicolae_overflow_hidden_temple, uniq_edmund
D:6:      layout_basic, uniq_pikel
Temple:   nicolae_temple_x_marks_the_god

Skill      XL: |  1  2  3  4  5  6 |
---------------+-------------------+-----
Unarmed Combat | 4 5 6 8 |  8.9
Fighting       | |  3.2
Dodging        | |  2.6
Stealth        | |  1.7

Action                   |  1- 3 |  4- 6 |  7- 9 || total
-------------------------+-------+-------+-------++-------
Melee: Unarmed           |   135 |   174 |    36 ||   345
       Tailslap          |    13 |    27 |     4 ||    44
       Punch             |     1 |     8 |     3 ||    12
Throw: Dart              |    11 |     8 |     7 ||    26
 Abil: Breathe Lightning |       |       |     2 ||     2
  Use: Potion            |     2 |       |       ||     2
       Scroll            |       |    10 |       ||    10
 Stab: Sleeping          |     3 |     2 |       ||     5
Armor: Skin              |    66 |    50 |    21 ||   137
Dodge: Dodged            |   116 |   102 |    35 ||   253
